Rangers vs BlueJackets

Created - December 1 2007 at 11:34

Goals
1 2 3 T
Rangers 0 0 0 0
BlueJackets 0 1 1 2
Shots
1 2 3 T
Rangers 10 14 5 29
BlueJackets 8 4 13 25

Period #1

No Goal

Penalties :
Pascal Dupuis (NYR) for High sticking (Minor) at 2:57, Jason Chimera (CBJ) for Holding (Minor) at 5:20, Martin St. Louis (CBJ) for Holding (Minor) at 9:57, Jason Smith (CBJ) for Hooking (Minor) at 16:33

Period #2

1. BlueJackets , Vyacheslav Kozlov 11 (Marc Savard, Teemu Selanne) at 16:18 (PP)

Penalties :
Teemu Selanne (CBJ) for Holding (Minor) at 0:03, Karel Rachunek (NYR) for Holding Stick (Minor) at 1:03, Brent Burns (CBJ) for Cross-checking (Minor) at 2:04, Jason Smith (CBJ) for Slashing (Minor) at 3:12, Teemu Selanne (CBJ) for Slashing (Minor) at 12:03, Mattias Ohlund (NYR) for Tripping (Minor) at 15:04

Period #3

2. BlueJackets , Martin St. Louis 16 (Dan Fritsche, Steve Rucchin) at 10:16

Penalties :
Jeff Halpern (NYR) for Interference (Minor) at 0:45, Brent Burns (CBJ) for Goalie Interference (Minor) at 6:11, Dan Cleary (NYR) for Holding (Minor) at 14:26

Goalie Stats

Ray Emery (NYR), 23 saves from 25 shots - (0.920), L, 11-16-3, 60:00 minutes
Niklas Backstrom (CBJ), 29 saves from 29 shots - (1.000), W, 14-11-3, 60:00 minutes

Players Stats

Rangers
Player Name              G  A  P  +/- PIM S  H  SB FO MP 
-----------------------------------------------------------
Ales Kotalik             0  0  0   0  0   1  1  0  0  10 
Brad Stuart              0  0  0   0  0   2  3  1  0  21 
Brett Lebda              0  0  0  -1  0   1  0  0  0  23 
Dan Cleary               0  0  0   0  2   5  3  0  2  21 
Jason Blake              0  0  0  -1  0   5  2  0  10 23 
Jeff Halpern             0  0  0   0  2   2  2  0  28 19 
Joe Pavelski             0  0  0   0  0   1  1  0  8  11 
Karel Rachunek           0  0  0   0  2   1  2  0  0  20 
Kristopher Letang        0  0  0  -1  0   1  2  0  0  20 
Kyle Wellwood            0  0  0   0  0   1  0  0  26 18 
Lee Stempniak            0  0  0  -1  0   1  0  0  1  20 
Mattias Ohlund           0  0  0   0  2   3  0  1  0  25 
Michel Ouellet           0  0  0   0  0   1  3  0  0  8  
Pascal Dupuis            0  0  0   0  2   1  0  0  0  10 
Sergei Samsonov          0  0  0  -1  0   1  0  0  4  14 
Shawn Belle              0  0  0   0  0   0  1  0  0  13 
Tim Connolly             0  0  0   0  0   0  0  0  7  7  
Tyler Arnason            0  0  0   0  0   2  1  0  4  23 
BlueJackets
Player Name              G  A  P  +/- PIM S  H  SB FO MP 
-----------------------------------------------------------
Alain Nasreddine         0  0  0   0  0   1  0  0  0  11 
Anze Kopitar             0  0  0   0  0   3  0  0  20 17 
Brent Burns              0  0  0   0  4   0  2  0  0  23 
Christian Ehrhoff        0  0  0   0  0   0  1  1  0  26 
Dan Fritsche             0  1  1   1  0   2  0  0  4  10 
Duvie Westcott           0  0  0   0  0   2  0  0  0  16 
Erik Christensen         0  0  0   0  0   0  0  0  1  4  
Fredrik Modin            0  0  0   0  0   2  0  0  3  17 
Jason Chimera            0  0  0   1  2   1  1  0  1  14 
Jason Smith              0  0  0   0  4   1  2  0  0  22 
Marc Savard              0  1  1   0  0   2  1  0  35 22 
Martin St. Louis         1  0  1   1  2   5  0  0  6  20 
Mike Grier               0  0  0   0  0   1  2  0  0  16 
Nick Schultz             0  0  0   1  0   0  0  0  0  23 
Patrick O'Sullivan       0  0  0   0  0   0  0  1  1  5  
Steve Rucchin            0  1  1   1  0   1  1  0  8  12 
Teemu Selanne            0  1  1   0  4   0  0  0  10 21 
Vyacheslav Kozlov        1  0  1   0  0   4  1  0  1  22 

3 Stars

1 - Niklas Backstrom (CBJ)
2 - Martin St. Louis (CBJ)
3 - Vyacheslav Kozlov (CBJ)

Power Play

Rangers - 0 on 8 Attempt(s) - 0.00%
BlueJackets - 1 on 5 Attempt(s) - 20.00%

Penalty Kill

Rangers - 4 on 5 Attempt(s) - 80.00% - Score 0 goal in Penalty Kill
BlueJackets - 8 on 8 Attempt(s) - 100.00% - Score 0 goal in Penalty Kill

Game Notes

No Game Note

Finance

Level 1 -- Attendance: 4599 (76.65%) -- Ticket Income $413,910.00
Level 2 -- Attendance: 3938 (75.02%) -- Ticket Income $196,900.00
Level 3 -- Attendance: 1863 (82.81%) -- Ticket Income $46,575.00
Level 4 -- Attendance: 3993 (99.82%) -- Ticket Income $39,930.00
Luxury Box -- Attendance: 776 (77.56%) -- Ticket Income $155,200.00
Game was played at the Nationwide Arena
Total Attendance: 15169 (81.99%)
Total Ticket Income: $856,873.90
Other Income: $150,879.00
Total Income: $1,007,753.00


Play by Play

Period #1

0:01 of 1st period - Kyle Wellwood wins face-off versus Marc Savard in neutral zone.
0:04 of 1st period - Shot by Jason Blake.
0:04 of 1st period - Stopped by Niklas Backstrom without a rebound.
0:05 of 1st period - Anze Kopitar wins face-off versus Joe Pavelski in BlueJackets zone.
1:37 of 1st period - Shot by Vyacheslav Kozlov.
1:37 of 1st period - Stopped by Ray Emery without a rebound.
1:38 of 1st period - Steve Rucchin wins face-off versus Tim Connolly in Rangers zone.
1:38 of 1st period - Mike Grier is hit by Karel Rachunek and loses puck.
2:18 of 1st period - Shot by Duvie Westcott.
2:18 of 1st period - Stopped by Ray Emery without a rebound.
2:19 of 1st period - Sergei Samsonov wins face-off versus Anze Kopitar in Rangers zone.
2:27 of 1st period - Icing by Brent Burns.
2:28 of 1st period - Anze Kopitar wins face-off versus Kyle Wellwood in BlueJackets zone.
2:32 of 1st period - Off-side.
2:33 of 1st period - Marc Savard wins face-off versus Jeff Halpern in neutral zone.
2:57 of 1st period - Minor Penalty to Pascal Dupuis for High sticking.
2:58 of 1st period - Anze Kopitar wins face-off versus Jeff Halpern in BlueJackets zone.
3:15 of 1st period - Shot by Anze Kopitar.
3:15 of 1st period - Stopped by Ray Emery without a rebound.
3:16 of 1st period - Marc Savard wins face-off versus Jeff Halpern in Rangers zone.
3:16 of 1st period - Marc Savard is hit by Kristopher Letang.
4:28 of 1st period - Shot by Martin St. Louis.
4:28 of 1st period - Stopped by Ray Emery without a rebound.
4:29 of 1st period - Jeff Halpern wins face-off versus Anze Kopitar in Rangers zone.
5:03 of 1st period - Jason Blake is hit by Steve Rucchin and loses puck.
5:10 of 1st period - Jason Chimera is hit by Jason Blake and loses puck.
5:20 of 1st period - Minor Penalty to Jason Chimera for Holding.
5:21 of 1st period - Jeff Halpern wins face-off versus Teemu Selanne in BlueJackets zone.
5:38 of 1st period - Shot by Dan Cleary.
5:38 of 1st period - Stopped by Niklas Backstrom without a rebound.
5:39 of 1st period - Kyle Wellwood wins face-off versus Marc Savard in BlueJackets zone.
5:52 of 1st period - Shot by Mattias Ohlund.
5:52 of 1st period - Stopped by Niklas Backstrom without a rebound.
5:53 of 1st period - Teemu Selanne wins face-off versus Jeff Halpern in BlueJackets zone.
7:08 of 1st period - Shot by Lee Stempniak.
7:08 of 1st period - Shot Misses the Net.
7:10 of 1st period - Shot by Mattias Ohlund.
7:10 of 1st period - Shot Misses the Net.
7:12 of 1st period - Shot by Kyle Wellwood.
7:12 of 1st period - Shot Misses the Net.
8:56 of 1st period - Steve Rucchin is hit by Jason Blake and loses puck.
9:08 of 1st period - Icing by Kyle Wellwood.
9:09 of 1st period - Kyle Wellwood wins face-off versus Marc Savard in Rangers zone.
9:35 of 1st period - Joe Pavelski is hit by Jason Smith and loses puck.
9:57 of 1st period - Minor Penalty to Martin St. Louis for Holding.
9:58 of 1st period - Kyle Wellwood wins face-off versus Marc Savard in Rangers zone.
10:25 of 1st period - Shot by Jason Blake.
10:25 of 1st period - Stopped by Niklas Backstrom without a rebound.
10:26 of 1st period - Teemu Selanne wins face-off versus Jeff Halpern in BlueJackets zone.
10:26 of 1st period - Christian Ehrhoff is hit by Jeff Halpern and loses puck.
11:21 of 1st period - Shot by Mattias Ohlund.
11:21 of 1st period - Stopped by Niklas Backstrom without a rebound.
11:22 of 1st period - Marc Savard wins face-off versus Jeff Halpern in BlueJackets zone.
11:51 of 1st period - Tyler Arnason is hit by Jason Chimera.
11:58 of 1st period - Icing by Brent Burns.
11:59 of 1st period - Kyle Wellwood wins face-off versus Steve Rucchin in BlueJackets zone.
12:32 of 1st period - Shot by Duvie Westcott.
12:32 of 1st period - Shot Misses the Net.
12:59 of 1st period - Shot by Dan Fritsche.
12:59 of 1st period - Stopped by Ray Emery without a rebound.
13:00 of 1st period - Joe Pavelski wins face-off versus Anze Kopitar in Rangers zone.
13:17 of 1st period - Shot by Michel Ouellet.
13:17 of 1st period - Deflect By Joe Pavelski.
13:17 of 1st period - Shot Misses the Net.
13:26 of 1st period - Martin St. Louis is hit by Ales Kotalik and loses puck.
13:53 of 1st period - Shot by Vyacheslav Kozlov.
13:53 of 1st period - Shot Misses the Net.
13:55 of 1st period - Shot by Jason Smith.
13:55 of 1st period - Shot Misses the Net.
14:25 of 1st period - Shot by Steve Rucchin.
14:25 of 1st period - Stopped by Ray Emery with a rebound.
14:27 of 1st period - Shot by Alain Nasreddine.
14:27 of 1st period - Shot Misses the Net.
14:34 of 1st period - Jason Chimera is hit by Michel Ouellet and loses puck.
14:37 of 1st period - Shot by Mike Grier.
14:37 of 1st period - Stopped by Ray Emery without a rebound.
14:38 of 1st period - Tim Connolly wins face-off versus Anze Kopitar in Rangers zone.
14:43 of 1st period - Shot by Dan Cleary.
14:43 of 1st period - Stopped by Niklas Backstrom without a rebound.
14:44 of 1st period - Tyler Arnason wins face-off versus Steve Rucchin in BlueJackets zone.
14:58 of 1st period - Icing by Steve Rucchin.
14:59 of 1st period - Jeff Halpern wins face-off versus Jason Chimera in BlueJackets zone.
15:20 of 1st period - Shot by Pascal Dupuis.
15:20 of 1st period - Stopped by Niklas Backstrom without a rebound.
15:21 of 1st period - Anze Kopitar wins face-off versus Tim Connolly in BlueJackets zone.
15:42 of 1st period - Shot by Dan Cleary.
15:42 of 1st period - Shot Misses the Net.
16:33 of 1st period - Minor Penalty to Jason Smith for Hooking.
16:34 of 1st period - Teemu Selanne wins face-off versus Kyle Wellwood in BlueJackets zone.
17:37 of 1st period - Shot by Dan Cleary.
17:37 of 1st period - Shot Misses the Net.
17:39 of 1st period - Shot by Tyler Arnason.
17:39 of 1st period - Stopped by Niklas Backstrom without a rebound.
17:40 of 1st period - Marc Savard wins face-off versus Jeff Halpern in BlueJackets zone.
17:53 of 1st period - Shot by Kristopher Letang.
17:53 of 1st period - Stopped by Niklas Backstrom without a rebound.
17:54 of 1st period - Kyle Wellwood wins face-off versus Teemu Selanne in BlueJackets zone.
18:09 of 1st period - Shot by Jason Blake.
18:09 of 1st period - Stopped by Niklas Backstrom without a rebound.
18:10 of 1st period - Jeff Halpern wins face-off versus Marc Savard in BlueJackets zone.
18:19 of 1st period - Shot by Dan Cleary.
18:19 of 1st period - Shot Misses the Net.
18:26 of 1st period - Icing by Kristopher Letang.
18:27 of 1st period - Jeff Halpern wins face-off versus Marc Savard in Rangers zone.
19:20 of 1st period - Shot by Marc Savard.
19:20 of 1st period - Shot Misses the Net.
19:24 of 1st period - Shot by Vyacheslav Kozlov.
19:24 of 1st period - Shot Misses the Net.
19:26 of 1st period - Shot by Vyacheslav Kozlov.
19:26 of 1st period - Stopped by Ray Emery with a rebound.
19:51 of 1st period - Vyacheslav Kozlov is hit by Shawn Belle and loses puck.

Period #2

0:01 of 2nd period - Kyle Wellwood wins face-off versus Marc Savard in neutral zone.
0:03 of 2nd period - Minor Penalty to Teemu Selanne for Holding.
0:04 of 2nd period - Martin St. Louis wins face-off versus Jeff Halpern in BlueJackets zone.
0:13 of 2nd period - Vyacheslav Kozlov is hit by Jeff Halpern and loses puck.
0:34 of 2nd period - Shot by Brett Lebda.
0:34 of 2nd period - Shot Misses the Net.
0:36 of 2nd period - Shot by Brett Lebda.
0:36 of 2nd period - Stopped by Niklas Backstrom without a rebound.
0:37 of 2nd period - Jason Blake wins face-off versus Marc Savard in BlueJackets zone.
1:03 of 2nd period - Minor Penalty to Karel Rachunek for Holding Stick.
1:04 of 2nd period - Marc Savard wins face-off versus Jason Blake in Rangers zone.
1:07 of 2nd period - Shot by Martin St. Louis.
1:07 of 2nd period - Shot Misses the Net.
1:11 of 2nd period - Shot by Marc Savard.
1:11 of 2nd period - Stopped by Ray Emery without a rebound.
1:12 of 2nd period - Jeff Halpern wins face-off versus Marc Savard in Rangers zone.
1:38 of 2nd period - Shot by Marc Savard.
1:38 of 2nd period - Stopped by Ray Emery without a rebound.
1:39 of 2nd period - Jason Blake wins face-off versus Marc Savard in Rangers zone.
1:39 of 2nd period - Jason Blake is hit by Brent Burns.
1:51 of 2nd period - Shot by Jason Blake.
1:51 of 2nd period - Shot Misses the Net.
2:03 of 2nd period - Shot by Jason Blake.
2:03 of 2nd period - Shot Misses the Net.
2:04 of 2nd period - Minor Penalty to Brent Burns for Cross-checking.
2:05 of 2nd period - Teemu Selanne wins face-off versus Jeff Halpern in BlueJackets zone.
2:30 of 2nd period - Shot by Tyler Arnason.
2:30 of 2nd period - Shot Misses the Net.
2:32 of 2nd period - Shot by Brett Lebda.
2:32 of 2nd period - Shot Misses the Net.
2:36 of 2nd period - Shot by Jeff Halpern.
2:36 of 2nd period - Stopped by Niklas Backstrom without a rebound.
2:37 of 2nd period - Jason Blake wins face-off versus Marc Savard in BlueJackets zone.
2:56 of 2nd period - Shot by Jason Blake.
2:56 of 2nd period - Shot Hit the Post.
3:02 of 2nd period - Sergei Samsonov is hit by Vyacheslav Kozlov and loses puck.
3:12 of 2nd period - Minor Penalty to Jason Smith for Slashing.
3:13 of 2nd period - Jeff Halpern wins face-off versus Martin St. Louis in BlueJackets zone.
3:56 of 2nd period - Shot by Mattias Ohlund.
3:56 of 2nd period - Stopped by Niklas Backstrom without a rebound.
3:57 of 2nd period - Martin St. Louis wins face-off versus Kyle Wellwood in BlueJackets zone.
4:54 of 2nd period - Shot by Brad Stuart.
4:54 of 2nd period - Stopped by Niklas Backstrom without a rebound.
4:55 of 2nd period - Teemu Selanne wins face-off versus Jason Blake in BlueJackets zone.
5:03 of 2nd period - Icing by Kyle Wellwood.
5:04 of 2nd period - Kyle Wellwood wins face-off versus Teemu Selanne in Rangers zone.
5:04 of 2nd period - Brad Stuart is hit by Mike Grier and loses puck.
6:43 of 2nd period - Icing by Dan Cleary.
6:44 of 2nd period - Marc Savard wins face-off versus Tim Connolly in Rangers zone.
7:11 of 2nd period - Icing by Christian Ehrhoff.
7:12 of 2nd period - Kyle Wellwood wins face-off versus Marc Savard in BlueJackets zone.
7:26 of 2nd period - Icing by Mattias Ohlund.
7:27 of 2nd period - Anze Kopitar wins face-off versus Jason Blake in Rangers zone.
7:38 of 2nd period - Shot by Martin St. Louis.
7:38 of 2nd period - Stopped by Ray Emery without a rebound.
7:39 of 2nd period - Joe Pavelski wins face-off versus Anze Kopitar in Rangers zone.
7:47 of 2nd period - Martin St. Louis is hit by Michel Ouellet and loses puck.
8:07 of 2nd period - Martin St. Louis is hit by Michel Ouellet.
8:56 of 2nd period - Shot by Jeff Halpern.
8:56 of 2nd period - Stopped by Niklas Backstrom with a rebound.
9:39 of 2nd period - Shot by Vyacheslav Kozlov.
9:39 of 2nd period - Shot Misses the Net.
9:44 of 2nd period - Tyler Arnason is hit by Christian Ehrhoff and loses puck.
9:52 of 2nd period - Dan Cleary is hit by Marc Savard.
10:33 of 2nd period - Icing by Alain Nasreddine.
10:34 of 2nd period - Kyle Wellwood wins face-off versus Steve Rucchin in BlueJackets zone.
10:35 of 2nd period - Shot by Jason Blake.
10:35 of 2nd period - Shot Misses the Net.
10:53 of 2nd period - Shot by Kyle Wellwood.
10:53 of 2nd period - Stopped by Niklas Backstrom with a rebound.
11:16 of 2nd period - Icing by Lee Stempniak.
11:17 of 2nd period - Patrick O'Sullivan wins face-off versus Kyle Wellwood in Rangers zone.
11:44 of 2nd period - Shot by Joe Pavelski.
11:44 of 2nd period - Stopped by Niklas Backstrom with a rebound.
11:48 of 2nd period - Shot by Kristopher Letang.
11:48 of 2nd period - Shot Blocked by Patrick O'Sullivan.
11:50 of 2nd period - Shot by Ales Kotalik.
11:50 of 2nd period - Stopped by Niklas Backstrom without a rebound.
11:51 of 2nd period - Marc Savard wins face-off versus Tim Connolly in BlueJackets zone.
11:56 of 2nd period - Shot by Teemu Selanne.
11:56 of 2nd period - Shot Misses the Net.
12:03 of 2nd period - Minor Penalty to Teemu Selanne for Slashing.
12:04 of 2nd period - Jeff Halpern wins face-off versus Martin St. Louis in Rangers zone.
12:20 of 2nd period - Vyacheslav Kozlov is hit by Tyler Arnason and loses puck.
12:48 of 2nd period - Icing by Jason Blake.
12:49 of 2nd period - Marc Savard wins face-off versus Kyle Wellwood in Rangers zone.
12:52 of 2nd period - Shot by Vyacheslav Kozlov.
12:52 of 2nd period - Shot Misses the Net.
14:04 of 2nd period - Shot by Jason Blake.
14:04 of 2nd period - Shot Misses the Net.
14:08 of 2nd period - Shot by Michel Ouellet.
14:08 of 2nd period - Stopped by Niklas Backstrom without a rebound.
14:09 of 2nd period - Joe Pavelski wins face-off versus Steve Rucchin in BlueJackets zone.
14:57 of 2nd period - Shot by Dan Cleary.
14:57 of 2nd period - Stopped by Niklas Backstrom without a rebound.
14:58 of 2nd period - Jeff Halpern wins face-off versus Marc Savard in BlueJackets zone.
15:04 of 2nd period - Minor Penalty to Mattias Ohlund for Tripping.
15:05 of 2nd period - Anze Kopitar wins face-off versus Jason Blake in BlueJackets zone.
16:18 of 2nd period - Shot by Vyacheslav Kozlov.
16:18 of 2nd period - Goal by Vyacheslav Kozlov - Rangers : 0 - BlueJackets : 1.
16:19 of 2nd period - Jeff Halpern wins face-off versus Dan Fritsche in neutral zone.
16:44 of 2nd period - Shot by Sergei Samsonov.
16:44 of 2nd period - Deflect By Jeff Halpern.
16:44 of 2nd period - Shot Misses the Net.
17:07 of 2nd period - Icing by Patrick O'Sullivan.
17:08 of 2nd period - Dan Fritsche wins face-off versus Joe Pavelski in BlueJackets zone.
17:08 of 2nd period - Dan Fritsche is hit by Joe Pavelski.
17:11 of 2nd period - Icing by Christian Ehrhoff.
17:12 of 2nd period - Dan Fritsche wins face-off versus Joe Pavelski in BlueJackets zone.
17:26 of 2nd period - Icing by Joe Pavelski.
17:27 of 2nd period - Steve Rucchin wins face-off versus Joe Pavelski in Rangers zone.
18:38 of 2nd period - Shot by Lee Stempniak.
18:38 of 2nd period - Shot Misses the Net.
18:42 of 2nd period - Shot by Jason Blake.
18:42 of 2nd period - Stopped by Niklas Backstrom without a rebound.
18:43 of 2nd period - Tim Connolly wins face-off versus Marc Savard in BlueJackets zone.
18:50 of 2nd period - Shot by Tyler Arnason.
18:50 of 2nd period - Stopped by Niklas Backstrom without a rebound.
18:51 of 2nd period - Tim Connolly wins face-off versus Anze Kopitar in BlueJackets zone.
18:56 of 2nd period - Shot by Dan Cleary.
18:56 of 2nd period - Shot Misses the Net.
19:06 of 2nd period - Off-side.
19:07 of 2nd period - Marc Savard wins face-off versus Jeff Halpern in neutral zone.
19:11 of 2nd period - Off-side.
19:12 of 2nd period - Jeff Halpern wins face-off versus Dan Fritsche in neutral zone.
19:45 of 2nd period - Shot by Sergei Samsonov.
19:45 of 2nd period - Stopped by Niklas Backstrom without a rebound.
19:46 of 2nd period - Dan Cleary wins face-off versus Steve Rucchin in BlueJackets zone.
19:53 of 2nd period - Shot by Tyler Arnason.
19:53 of 2nd period - Shot Misses the Net.
19:57 of 2nd period - Shot by Dan Cleary.
19:57 of 2nd period - Stopped by Niklas Backstrom without a rebound.
19:58 of 2nd period - Anze Kopitar wins face-off versus Joe Pavelski in BlueJackets zone.

Period #3

0:01 of 3rd period - Tyler Arnason wins face-off versus Steve Rucchin in neutral zone.
0:35 of 3rd period - Tyler Arnason is hit by Mike Grier and loses puck.
0:40 of 3rd period - Shot by Alain Nasreddine.
0:40 of 3rd period - Stopped by Ray Emery without a rebound.
0:41 of 3rd period - Erik Christensen wins face-off versus Jeff Halpern in Rangers zone.
0:42 of 3rd period - Shot by Dan Fritsche.
0:42 of 3rd period - Stopped by Ray Emery with a rebound.
0:44 of 3rd period - Shot by Dan Fritsche.
0:44 of 3rd period - Shot Misses the Net.
0:45 of 3rd period - Minor Penalty to Jeff Halpern for Interference.
0:46 of 3rd period - Jason Blake wins face-off versus Vyacheslav Kozlov in Rangers zone.
1:20 of 3rd period - Icing by Teemu Selanne.
1:21 of 3rd period - Marc Savard wins face-off versus Jason Blake in BlueJackets zone.
2:16 of 3rd period - Icing by Brent Burns.
2:17 of 3rd period - Anze Kopitar wins face-off versus Tyler Arnason in BlueJackets zone.
2:46 of 3rd period - Shot by Anze Kopitar.
2:46 of 3rd period - Deflect By Fredrik Modin.
2:46 of 3rd period - Stopped by Ray Emery without a rebound.
2:47 of 3rd period - Kyle Wellwood wins face-off versus Fredrik Modin in Rangers zone.
2:49 of 3rd period - Icing by Jason Blake.
2:50 of 3rd period - Marc Savard wins face-off versus Kyle Wellwood in Rangers zone.
2:55 of 3rd period - Shot by Vyacheslav Kozlov.
2:55 of 3rd period - Stopped by Ray Emery without a rebound.
2:56 of 3rd period - Kyle Wellwood wins face-off versus Marc Savard in Rangers zone.
3:01 of 3rd period - Shot by Jason Blake.
3:01 of 3rd period - Stopped by Niklas Backstrom with a rebound.
3:19 of 3rd period - Shot by Martin St. Louis.
3:19 of 3rd period - Stopped by Ray Emery with a rebound.
3:23 of 3rd period - Shot by Vyacheslav Kozlov.
3:23 of 3rd period - Shot Misses the Net.
3:32 of 3rd period - Icing by Brad Stuart.
3:33 of 3rd period - Fredrik Modin wins face-off versus Kyle Wellwood in Rangers zone.
4:23 of 3rd period - Shot by Sergei Samsonov.
4:23 of 3rd period - Deflect By Dan Cleary.
4:23 of 3rd period - Shot Misses the Net.
4:27 of 3rd period - Shot by Dan Cleary.
4:27 of 3rd period - Stopped by Niklas Backstrom without a rebound.
4:28 of 3rd period - Marc Savard wins face-off versus Kyle Wellwood in BlueJackets zone.
4:28 of 3rd period - Marc Savard is hit by Brad Stuart.
5:30 of 3rd period - Shot by Fredrik Modin.
5:30 of 3rd period - Shot Misses the Net.
6:11 of 3rd period - Minor Penalty to Brent Burns for Goalie Interference.
6:12 of 3rd period - Teemu Selanne wins face-off versus Jeff Halpern in BlueJackets zone.
6:12 of 3rd period - Teemu Selanne is hit by Dan Cleary.
6:35 of 3rd period - Off-side.
6:36 of 3rd period - Kyle Wellwood wins face-off versus Marc Savard in neutral zone.
6:41 of 3rd period - Shot by Karel Rachunek.
6:41 of 3rd period - Stopped by Niklas Backstrom without a rebound.
6:42 of 3rd period - Marc Savard wins face-off versus Jeff Halpern in BlueJackets zone.
7:41 of 3rd period - Shot by Kyle Wellwood.
7:41 of 3rd period - Shot Misses the Net.
7:45 of 3rd period - Shot by Jason Blake.
7:45 of 3rd period - Shot Misses the Net.
8:16 of 3rd period - Vyacheslav Kozlov is hit by Dan Cleary and loses puck.
8:54 of 3rd period - Jason Chimera is hit by Brad Stuart.
9:05 of 3rd period - Fredrik Modin is hit by Brad Stuart and loses puck.
9:27 of 3rd period - Fredrik Modin is hit by Dan Cleary and loses puck.
9:42 of 3rd period - Shot by Anze Kopitar.
9:42 of 3rd period - Stopped by Ray Emery with a rebound.
9:46 of 3rd period - Shot by Anze Kopitar.
9:46 of 3rd period - Shot Misses the Net.
10:16 of 3rd period - Shot by Martin St. Louis.
10:16 of 3rd period - Goal by Martin St. Louis - Rangers : 0 - BlueJackets : 2.
10:17 of 3rd period - Sergei Samsonov wins face-off versus Marc Savard in neutral zone.
10:24 of 3rd period - Shot by Jason Blake.
10:24 of 3rd period - Shot Hit the Post.
10:30 of 3rd period - Shot by Lee Stempniak.
10:30 of 3rd period - Shot Blocked by Christian Ehrhoff.
10:37 of 3rd period - Icing by Marc Savard.
10:38 of 3rd period - Marc Savard wins face-off versus Jeff Halpern in BlueJackets zone.
11:03 of 3rd period - Off-side.
11:04 of 3rd period - Sergei Samsonov wins face-off versus Martin St. Louis in neutral zone.
12:15 of 3rd period - Shot by Lee Stempniak.
12:15 of 3rd period - Stopped by Niklas Backstrom without a rebound.
12:16 of 3rd period - Jeff Halpern wins face-off versus Fredrik Modin in BlueJackets zone.
12:35 of 3rd period - Shot by Teemu Selanne.
12:35 of 3rd period - Shot Misses the Net.
12:39 of 3rd period - Shot by Fredrik Modin.
12:39 of 3rd period - Shot Misses the Net.
13:06 of 3rd period - Brett Lebda is hit by Brent Burns and loses puck.
13:42 of 3rd period - Off-side.
13:43 of 3rd period - Kyle Wellwood wins face-off versus Marc Savard in neutral zone.
13:43 of 3rd period - Lee Stempniak is hit by Jason Smith and loses puck.
14:09 of 3rd period - Icing by Vyacheslav Kozlov.
14:10 of 3rd period - Dan Cleary wins face-off versus Teemu Selanne in BlueJackets zone.
14:26 of 3rd period - Minor Penalty to Dan Cleary for Holding.
14:27 of 3rd period - Martin St. Louis wins face-off versus Tyler Arnason in BlueJackets zone.
14:29 of 3rd period - Brent Burns is hit by Karel Rachunek and loses puck.
14:51 of 3rd period - Shot by Fredrik Modin.
14:51 of 3rd period - Stopped by Ray Emery without a rebound.
14:52 of 3rd period - Jason Blake wins face-off versus Anze Kopitar in Rangers zone.
15:05 of 3rd period - Shot by Martin St. Louis.
15:05 of 3rd period - Shot Misses the Net.
15:41 of 3rd period - Shot by Duvie Westcott.
15:41 of 3rd period - Stopped by Ray Emery without a rebound.
15:42 of 3rd period - Jeff Halpern wins face-off versus Anze Kopitar in Rangers zone.
15:55 of 3rd period - Shot by Jason Chimera.
15:55 of 3rd period - Shot Blocked by Mattias Ohlund.
15:57 of 3rd period - Shot by Anze Kopitar.
15:57 of 3rd period - Shot Misses the Net.
15:59 of 3rd period - Shot by Jason Smith.
15:59 of 3rd period - Stopped by Ray Emery without a rebound.
16:00 of 3rd period - Lee Stempniak wins face-off versus Marc Savard in Rangers zone.
16:31 of 3rd period - Shot by Martin St. Louis.
16:31 of 3rd period - Stopped by Ray Emery without a rebound.
16:32 of 3rd period - Anze Kopitar wins face-off versus Kyle Wellwood in Rangers zone.
16:37 of 3rd period - Shot by Fredrik Modin.
16:37 of 3rd period - Shot Blocked by Brad Stuart.
16:41 of 3rd period - Shot by Anze Kopitar.
16:41 of 3rd period - Stopped by Ray Emery without a rebound.
16:42 of 3rd period - Kyle Wellwood wins face-off versus Marc Savard in Rangers zone.
17:34 of 3rd period - Christian Ehrhoff is hit by Kristopher Letang and loses puck.
17:40 of 3rd period - Off-side.
17:41 of 3rd period - Anze Kopitar wins face-off versus Kyle Wellwood in neutral zone.
18:37 of 3rd period - Shot by Jason Chimera.
18:37 of 3rd period - Stopped by Ray Emery without a rebound.
18:38 of 3rd period - Marc Savard wins face-off versus Jeff Halpern in Rangers zone.
19:22 of 3rd period - Icing by Duvie Westcott.
19:23 of 3rd period - Kyle Wellwood wins face-off versus Anze Kopitar in BlueJackets zone.
19:34 of 3rd period - Shot by Brad Stuart.
19:34 of 3rd period - Stopped by Niklas Backstrom without a rebound.
19:35 of 3rd period - Anze Kopitar wins face-off versus Sergei Samsonov in BlueJackets zone.


Output by the SimonT Hockey Simulator (STHS) for Stephane Roy -- Original Page W3C XHTML 1.0 Valid